Map: Ruines d’Endion

Players

Life

  • Race: Zerg Zerg
  • League: Master

FishKiller - Winner!

  • Race: Zerg Zerg
  • League: Master

VOD

Have the link to the VOD?

Description

Time

  • Played on: May 18, 2016, 2:16 p.m.
  • Length: 9:41
Show
View Real Time Build Order
Export as new Build Order

Life Zerg 

Build Orders: Pool First 

Get SALT Encoding   

  12  0:01  Drone  
  13  0:13  Overlord  
  13  0:18  Drone  
  14  0:24  Extractor  
  14  0:25  Drone  
  15  0:31  Drone  
  15  0:35  Drone  
  17  0:51  Spawning Pool  
  17  0:52  Extractor, Drone  
  17  0:57  Drone  
  18  1:18  Drone  
  18  1:22  Drone  
  19  1:29  Hatchery  
  18  1:32  Overlord  
  18  1:41  Queen  
  18  1:45  Zergling x2  
  21  1:52  Drone  
  22  2:03  Drone  
  22  2:07  Metabolic Boost  
  23  2:12  Drone  
  24  2:18  Queen  
  24  2:22  Drone  
  27  2:33  Overlord  
  27  2:34  Baneling Nest  
  26  2:41  Drone  
  27  2:45  Drone  
  27  2:48  Zergling x2  
  27  2:49  Zergling x2  
  27  2:50  Zergling x2  
  31  2:55  Zergling x2  
  31  2:57  Zergling x2  
  32  3:11  Hatchery  
  31  3:16  Drone x2  
  32  3:23  Zergling x4  
  32  3:24  Zergling x2  
  35  3:30  Overlord  
  35  3:36  Zergling x2, Baneling  
  35  3:37  Baneling  
  35  3:38  Baneling  
  35  3:40  Zergling x2  
  37  3:45  Zergling x2  
  37  3:46  Zergling x2  
  39  3:49  Drone  
  39  3:50  Drone  
  41  3:55  Drone  
  41  4:01  Drone x2  
  41  4:02  Drone  
  41  4:08  Drone x2  
  43  4:10  Drone  
  43  4:17  Lair  
  43  4:20  Drone  
  44  4:25  Drone x2  
  44  4:31  Drone x3  
  48  4:35  Extractor  
  48  4:37  Drone x2  
  48  4:38  Extractor  
  48  4:40  Drone x2  
  48  4:43  Drone  
  51  4:47  Drone x2  
  51  4:48  Drone  
  54  4:59  Extractor  
  52  5:03  Drone x3  
  52  5:04  Drone  
  55  5:08  Zergling x4  
  55  5:10  Overlord x2  
  55  5:12  Baneling x2  
  57  5:15  Drone  
  57  5:19  Spire  
  57  5:20  Drone  
  58  5:22  Baneling x2  
  58  5:28  Spore Crawler  
  57  5:29  Spore Crawler, Drone x2  
  57  5:30  Drone x2  
  57  5:31  Drone  
  57  5:33  Baneling  
  61  5:39  Zergling x6  
  62  5:43  Zergling x6  
  62  5:44  Baneling  
  62  5:47  Zergling x6  
  67  5:50  Zergling x2  
  67  5:53  Zergling x4  
  67  5:55  Zergling x2  
  70  6:03  Zergling x8  
  70  6:05  Zergling x6  
  72  6:12  Zergling x2  
  72  6:13  Baneling x2  
  72  6:14  Baneling  
  72  6:16  Zergling x4  
  70  6:20  Zergling x2  
  71  6:25  Baneling x3  
  71  6:26  Zergling x4  
  71  6:28  Zergling x2  
  71  6:29  Zergling x4  
  71  6:32  Mutalisk x2  
  67  6:43  Mutalisk x3  
  67  6:46  Zergling x2  
  67  6:53  Mutalisk  
  67  6:54  Mutalisk  
  64  6:55  Drone x2  
  68  7:01  Zerg Flyer Weapons Level 1  
  68  7:04  Zergling x4  
  68  7:07  Mutalisk  
  72  7:08  Baneling  
  72  7:11  Baneling x2  
  72  7:13  Zergling x4  
  72  7:18  Zergling x6  
  73  7:26  Mutalisk  
  73  7:28  Baneling  
  73  7:30  Zergling x2  
  73  7:35  Baneling x3  
  71  7:56  Mutalisk  
  71  8:15  Overlord x4  
  71  8:16  Overlord  
  67  8:25  Zergling x2  
  68  8:30  Hatchery  
  66  8:34  Mutalisk x2  
  67  8:43  Zergling x4  
  67  8:46  Queen  
  67  8:47  Mutalisk  
  67  8:48  Mutalisk  
  71  8:56  Mutalisk x3  
  77  9:03  Baneling x2  
  77  9:05  Baneling x2  
  75  9:12  Hatchery  
  75  9:15  Hatchery, Mutalisk  
  76  9:23  Zergling x6  
Show
View Real Time Build Order
Export as new Build Order

FishKiller Zerg - Winner!

Build Orders: Hatch First 

Get SALT Encoding   

  12  0:01  Drone  
  13  0:12  Overlord  
  13  0:18  Drone  
  14  0:30  Drone  
  14  0:31  Drone  
  14  0:34  Drone  
  17  1:01  Hatchery  
  17  1:02  Drone  
  17  1:03  Drone  
  18  1:08  Extractor  
  17  1:20  Spawning Pool  
  17  1:21  Drone  
  17  1:33  Drone x2  
  19  1:40  Drone  
  20  1:50  Overlord  
  20  2:10  Zergling x2  
  20  2:11  Queen  
  20  2:12  Metabolic Boost  
  20  2:13  Queen  
  20  2:15  Zergling x2  
  26  2:18  Drone  
  27  2:28  Drone  
  27  2:29  Drone  
  29  2:43  Drone x2  
  31  2:56  Baneling Nest  
  31  2:57  Drone x4  
  34  3:06  Drone  
  35  3:17  Zergling x2  
  35  3:19  Overlord  
  36  3:25  Spine Crawler  
  36  3:26  Spine Crawler  
  33  3:28  Evolution Chamber  
  33  3:30  Zergling x6  
  35  3:37  Zergling x2  
  35  3:38  Zergling x8  
  35  3:39  Baneling x2  
  35  3:41  Baneling x2  
  40  3:42  Zergling x4  
  42  3:50  Zergling x2  
  43  3:56  Evolution Chamber  
  42  4:04  Drone x2  
  42  4:07  Overlord, Zerg Ground Armor Level 1  
  43  4:13  Baneling  
  40  4:32  Drone  
  40  4:33  Drone x5  
  46  4:38  Drone x3  
  46  4:44  Overlord  
  49  4:59  Pneumatized Carapace  
  49  5:03  Zergling x10  
  50  5:10  Zergling x8  
  50  5:12  Hatchery  
  49  5:16  Zergling x2  
  49  5:20  Zergling x2  
  49  5:21  Zergling x6  
  54  5:29  Zergling x2  
  55  5:36  Zergling x4  
  51  5:45  Zergling x2  
  51  5:46  Zergling x6  
  53  5:52  Zergling x8  
  57  5:57  Baneling x3  
  57  6:04  Zergling x4  
  57  6:08  Zergling x2  
  53  6:19  Baneling x2  
  53  6:20  Zergling x4  
  53  6:25  Zergling x2  
  55  6:26  Baneling x2  
  53  6:36  Zergling x10  
  52  6:48  Zergling x8  
  53  6:59  Zergling x2  
  53  7:00  Zergling x2  
  55  7:06  Overlord  
  55  7:12  Zerg Melee Weapons Level 1  
  55  7:15  Zergling x10  
  54  7:23  Zergling x6  
  54  7:25  Queen  
  55  7:34  Zergling x10  
  57  7:41  Zergling x2  
  56  7:50  Queen  
  56  7:51  Queen  
  59  7:56  Zergling x2  
  60  8:01  Queen  
  61  8:07  Zergling x4  
  61  8:08  Zergling x10  
  65  8:16  Overlord x5  
  65  8:21  Spore Crawler  
  65  8:22  Spore Crawler  
  65  8:23  Hatchery  
  65  8:26  Queen  
  61  8:36  Lair  
  61  8:39  Queen  
  55  8:41  Spore Crawler  
  55  8:44  Extractor  
  55  8:45  Zergling x10, Extractor  
  55  8:46  Zergling x14, Extractor  
  56  9:14  Zergling x2  
  56  9:15  Zergling x18  
  67  9:40  Infestation Pit  
Tags
 
Add a new tag
Caveats
  • Supply blocks, unpowered buildings, or Contaminate may cause inaccurate times.
  • Supply counts are checked every 10 seconds.